 Dungeon Crawl Stone Soup version 0.22-a0-423-g4197694 (webtiles) character file.

447 nikopol the Magician (level 6, 0/32 HPs)
             Began as a Deep Elf Fire Elementalist on May 23, 2018.
             Slain by Grinder (4 damage)
             ... on level 4 of the Dungeon.
             The game lasted 00:09:16 (3759 turns).

nikopol the Magician (Deep Elf Fire Elementalist)   Turns: 3759, Time: 00:09:16

Health: 0/32       AC:  4    Str:  5    XL:     6   Next: 73%
Magic:  5/15       EV: 13    Int: 22    God:
Gold:   260        SH:  4    Dex: 15    Spells: 5/15 levels left

rFire    . . .     SeeInvis .   g - +1 dagger (freeze)
rCold    . . .     Gourm    .   d - +0 buckler
rNeg     . . .     Faith    .   a - +0 robe
rPois    .         Spirit   .   (no helmet)
rElec    .         Reflect  .   b - +0 cloak
rCorr    .         Harm     .   (no gloves)
MR       .....                  u - +0 pair of boots
Stlth    ++........             (no amulet)
HPRegen  0.10/turn              (no ring)
MPRegen  0.14/turn              (no ring)

@: no status effects
A: no striking features
a: no special abilities


You were on level 4 of the Dungeon.
You were hungry.

You visited 1 branch of the dungeon, and saw 4 of its levels.

You collected 260 gold pieces.

Inventory:

Hand Weapons
 e - a +0 dagger
 g - a +1 dagger of freezing (weapon)
 j - a +0 dagger of venom
Armour
 a - a +0 robe (worn)
 b - a +0 cloak (worn)
 d - a +0 buckler (worn)
 u - a +0 pair of boots (worn)
Jewellery
 s - a +4 amulet of reflection {unknown}
 t - an uncursed amulet of regeneration {unknown}
Scrolls
 f - 3 scrolls of identify {unknown}
 h - 5 scrolls of teleportation {unknown}
 i - a scroll of magic mapping {unknown}
 l - 2 scrolls of remove curse {unknown}
 n - a scroll of amnesia {unknown}
 q - a scroll of blinking {unknown}
Potions
 k - 2 potions of lignification {unknown}
 m - a potion of agility {unknown}
 o - a potion of invisibility {unknown}
 r - a potion of experience {unknown}
Comestibles
 c - 8 rations


   Skills:
 + Level 3.2 Dodging
 + Level 3.0 Stealth
 * Level 2.1 Shields
 + Level 5.2 Spellcasting
 + Level 3.6 Conjurations
 + Level 5.1 Fire Magic


You had 5 spell levels left.
You knew the following spells:

 Your Spells              Type           Power        Failure   Level  Hunger
a - Flame Tongue          Conj/Fire      ####.        1%          1    None
b - Throw Flame           Conj/Fire      ####..       3%          2    None
c - Conjure Flame         Conj/Fire      ####....     6%          3    ##.....
d - Sticky Flame          Conj/Fire      ####....     21%         4    ####...

Your spell library contained the following spells:

 Spells                   Type           Power        Failure   Level  Hunger
 Fireball                 Conj/Fire      ####......   50%         5    #####..
 Inner Flame              Hex/Fire       ###.....     13%         3    ##.....


Dungeon Overview and Level Annotations

Branches:
Dungeon (4/15)
 Temple: D:4-7

Altars:
Gozag

Shops:
D:3 *

Annotations:
D:4 2 transporters, Grinder


Message History

Grinder gestures at you. Pain shoots through your body!
The jackal barks!
Grinder gestures at you. Pain shoots through your body!
* * * LOW HITPOINT WARNING * * *
You can move again.
Casting: Flame Tongue (safe; 1% risk of failure)
Confirm with . or Enter, or press ? or * to list all spells.
Aiming: Sticky Flame (slightly dangerous; 21% risk of failure)
Press: ? - help, Shift-Dir - straight line, f/p - Grinder
Aim: Grinder (heavily wounded)
The sticky flame hits Grinder.
Grinder is severely wounded.
Grinder is covered in liquid flames!
You are feeling hungry.
Grinder burns!
A jackal comes into view.
Grinder hits you.
You die...

.#.....#
#.#
####.###
#.# #.#
#.# #.#
#.# #.#
#.####
#.#
#....#
#.#
####.#
#.# #.#
#.# #@#
#.# #5#
#.# #.h
#.# ..!.
#.#
####.
#.# ..
#.# #.
#.# #h
####.#


You could see Grinder (burning) and 2 jackals.

Vanquished Creatures
  The ghost of GameOver the Sneak, an amateur NaWz (D:4)
  A scorpion (D:4)
  Natasha (thrice) (D:2)
  3 gnolls (D:3)
  7 adders
  4 worms
  3 dart slugs
  A leopard gecko (D:1)
  7 orcs
  6 giant cockroaches
  8 goblins
  3 hobgoblins
  9 jackals
  4 ball pythons
  7 bats
  4 frilled lizards
  5 kobolds
  6 rats
82 creatures vanquished.

Notes
Turn   | Place    | Note
-------+----------+-------------------------------------------
     0 | D:1      | nikopol the Deep Elf Fire Elementalist began the quest for the Orb.
     0 | D:1      | Reached XP level 1. HP: 10/10 MP: 6/6
   187 | D:1      | Reached XP level 2. HP: 11/15 MP: 2/8
  1055 | D:2      | Reached XP level 3. HP: 19/19 MP: 1/9
  1345 | D:2      | Learned a level 2 spell: Throw Flame
  1349 | D:2      | Learned a level 3 spell: Conjure Flame
  1373 | D:2      | Noticed Natasha
  1381 | D:2      | Killed Natasha
  1381 | D:2      | Reached XP level 4. HP: 18/24 MP: 3/11
  1697 | D:2      | Noticed Natasha
  1764 | D:2      | Killed Natasha
  1922 | D:2      | Reached XP level 5. HP: 18/28 MP: 10/13
  2164 | D:2      | Noticed Natasha
  2169 | D:2      | Killed Natasha
  2169 | D:2      | Reached skill level 1 in Shields
  2901 | D:3      | Learned a level 4 spell: Sticky Flame
  2978 | D:3      | Found Gozag's Platinum Reserve.
  2982 | D:3      | Found an opulent altar of Gozag.
  3208 | D:4      | Found a transporter.
  3243 | D:4      | Found a transporter.
  3372 | D:4      | Noticed GameOver's ghost (amateur NaWz)
  3451 | D:4      | Reached XP level 6. HP: 32/32 MP: 8/15
  3592 | D:4      | Killed GameOver's ghost
  3592 | D:4      | Reached skill level 5 in Spellcasting
  3592 | D:4      | Reached skill level 5 in Fire Magic
  3748 | D:4      | Noticed Grinder
  3755 | D:4      | Paralysed by Grinder for 4 turns
  3759 | D:4      | Slain by Grinder

Vault maps used:
D:1:      sevenhm_arrival_forest_fort_small_3
D:2:      uniq_natasha
D:3:      minmay_wonky_spiral, nicolae_gozag_zags_fifth_avenue
D:4:      gammafunk_wand_slinger, first_ration, uniq_grinder

Skill      XL: |  1  2  3  4  5  6 |
---------------+-------------------+-----
Dodging        | 3 |  3.2
Fire Magic     | 4 5 |  5.1
Conjurations   | 2 3 |  3.6
Spellcasting   | 4 5 |  5.2
Shields        | 1 2 |  2.1
Stealth        | 3 |  3.0

Action                   |  1- 3 |  4- 6 || total
-------------------------+-------+-------++-------
 Cast: Flame Tongue      |    64 |   104 ||   168
       Conjure Flame     |       |     2 ||     2
       Throw Flame       |       |     3 ||     3
       Sticky Flame      |       |     1 ||     1
  Eat: Chunk             |     1 |     7 ||     8
Armor: Robe              |     6 |     2 ||     8
Dodge: Dodged            |     6 |    19 ||    25
Block: Buckler           |     6 |     6 ||    12

Table legend:
 A = Spawn XP
 B = Non-spawn XP
 C = Spawn XP percentage of total XP
 D = Spawn monster count
 E = Non-spawn monster count
 F = Spawn count percentage of total count
 G = Total turns spent on level
                    A         B        C        D         E        F      G
               +---------+---------+-------+---------+---------+-------+---------
         Total |       0 |     639 |   0.0 |       0 |      82 |   0.0 |  3759
               +---------+---------+-------+---------+---------+-------+---------
           D:1 |       0 |      32 |   0.0 |       0 |      19 |   0.0 |  1016
           D:2 |       0 |     203 |   0.0 |       0 |      33 |   0.0 |  1266
           D:3 |       0 |     121 |   0.0 |       0 |      18 |   0.0 |   926
           D:4 |       0 |     283 |   0.0 |       0 |      12 |   0.0 |   551
               +---------+---------+-------+---------+---------+-------+---------
